 Dungeon Crawl Stone Soup version 0.23.2-30-g0e89c35649 (webtiles) character file.

Game seed: 3229566205840704345

40 ohad the Insei (level 3, -1/23 HPs)
             Began as an Octopode Transmuter on June 7, 2019.
             Slain by Terence
             ... wielding a +0 short sword
              (6 damage)
             ... on level 2 of the Dungeon.
             The game lasted 00:04:06 (707 turns).

ohad the Insei (Octopode Transmuter)                 Turns: 707, Time: 00:04:07

Health: -1/23      AC:  1    Str: 11    XL:     3   Next: 50%
Magic:  1/6        EV: 13    Int: 16    God:
Gold:   42         SH:  0    Dex: 12    Spells: 0/6 levels left

rFire    . . .     SeeInvis .     - Unarmed
rCold    . . .     Gourm    .   (no shield)
rNeg     . . .     Faith    .   (helmet restricted)
rPois    .         Spirit   .   (no amulet)
rElec    .         Reflect  .   f - +2 ring of strength
rCorr    .         Harm     .   (no ring)
MR       .....                  (no ring)
Stlth    ++........             (no ring)
HPRegen  0.07/turn              (no ring)
MPRegen  0.10/turn              (no ring)
                                (no ring)
                                (no ring)

@: lethally poisoned (-1 -> -9), appendage (expiring), very slightly
contaminated
A: almost no armour, stealthy swim, amphibious, 8 rings, constrict 8, tentacle
spike 3, camouflage 1, gelatinous body 1
a: End Transformation


You were on level 2 of the Dungeon.
You were not hungry.
One of your tentacles had a temporary spike.
You visited 1 branch of the dungeon, and saw 2 of its levels.

You collected 42 gold pieces.

Inventory:

Missiles
 a - 40 arrows
Jewellery
 f - a +2 ring of strength (left tentacle)
Scrolls
 b - a scroll of teleportation {unknown}
 e - 4 scrolls of identify {unknown}
Comestibles
 c - 2 rations
 d - 4 chunks of flesh


   Skills:
 - Level 1.0 Fighting
 - Level 2.1 Dodging
 - Level 0.3 Stealth
 - Level 3.3 Unarmed Combat
 - Level 2.1 Spellcasting
 + Level 3.2 Transmutations


You couldn't memorise any spells.
You knew the following spells:

 Your Spells              Type           Power        Failure   Level  Hunger
a - Beastly Appendage     Tmut           ##....       5%          1    #......
b - Sticks to Snakes      Tmut           ##......     9%          2    ###....
c - Spider Form           Tmut/Pois      #.........   32%         3    ###....

Your spell library contained the following spells:

 Spells                   Type           Power        Failure   Level  Hunger
 Ice Form                 Ice/Tmut       #.......     71%         4    #####..
 Blade Hands              Tmut           ##........   83%         5    ######.


Dungeon Overview and Level Annotations

Branches:
Dungeon (2/15)

Altars:

Annotations:
D:2 Terence


Innate Abilities, Weirdness & Mutations

You cannot wear most types of armour.
You are very stealthy in the water. (Stealth+)
You are amphibious.
You can wear up to eight rings at the same time.
You can use your tentacles to constrict eight enemies at once.
Your skin changes colour to match your surroundings (Stealth+).
Your rubbery body absorbs attacks. (AC +1, EV +1)
One of your tentacles bears a large vicious spike.


Message History

You constrict Terence, but do no damage.
You feel sick.
Your adder bites Terence but does no damage.
Terence hits you with a +0 short sword.
You tentacle-slap Terence.
You pierce Terence.
Terence is moderately wounded.
You constrict Terence.
* * * LOW HITPOINT WARNING * * *
You feel sick.
Your adder bites Terence but does no damage.
Terence closely misses you.
You tentacle-slap Terence but do no damage.
You pierce Terence, but do no damage.
Terence is moderately wounded.
You constrict Terence.
* * * LOW HITPOINT WARNING * * *
You feel sick.
Your adder bites Terence but does no damage.
Terence hits you with a +0 short sword.
You die...

##.....# b .....###.###..#####
##.....#.........###......##
...............................
##.....#..............###.###..
#.....#...................#
#.....#..............######
#....................##..
#....................##.#####
#..............@.....##.#...#
#............S@..........<..#
#........(............#.###.#
####.....######.......#.....#
.... #...#.........# ...
###.#..######## . #...># ######


You could see Terence and a friendly adder.

Vanquished Creatures
  2 adders (D:2)
  2 oozes (D:2)
  A dart slug (D:1)
  A hobgoblin (D:1)
  2 jackals (D:1)
  A kobold (D:1)
  3 bats (D:1)
  A frilled lizard (D:1)
  2 rats (D:1)
15 creatures vanquished.

Vanquished Creatures (collateral kills)
  A rat (D:2)
1 creature vanquished.

Grand Total: 16 creatures vanquished

Notes
Turn   | Place    | Note
-------+----------+-------------------------------------------
     0 | D:1      | ohad the Octopode Transmuter began the quest for the Orb.
     0 | D:1      | Reached XP level 1. HP: 13/13 MP: 3/3
    25 | D:1      | You fall through a shaft!
    26 | D:2      | Reached XP level 2. HP: 18/18 MP: 5/5
   156 | D:2      | Learned a level 2 spell: Sticks to Snakes
   330 | D:1      | Reached XP level 3. HP: 23/23 MP: 4/6
   463 | D:1      | Learned a level 3 spell: Spider Form
   693 | D:2      | Noticed Terence
   707 | D:2      | Slain by Terence

Skill      XL: |  1  2  3 |
---------------+----------+-----
Transmutations | 3 |  3.2
Fighting       | |  1.0
Dodging        | |  2.1
Stealth        | |  0.3
Unarmed Combat | |  3.3
Spellcasting   | |  2.1

Action                   || total
-------------------------++-------
Melee: Unarmed           ||    29
       Tentacles         ||     6
       Kick              ||     7
       Constrict         ||     5
 Cast: Beastly Appendage ||     4
       Sticks to Snakes  ||     1
 Stab: Sleeping          ||     4
Armor: Skin              ||     3
Dodge: Dodged            ||    18
